 Dungeon Crawl Stone Soup version 0.18-b1-14-g029dad2 (webtiles) character file.

17279 Wooh the Grappler (level 12, -2/112 HPs)
             Began as a Ghoul Monk on Apr 30, 2016.
             Was a High Priest of Makhleb.
             Slain by a komodo dragon (23 damage)
             ... on level 2 of the Lair of Beasts.
             The game lasted 01:09:45 (12354 turns).

Wooh the Grappler (Ghoul Monk)                     Turns: 12354, Time: 01:09:46

Health: -2/112     AC: 20    Str: 23    XL:     12   Next: 46%
Magic:  18/18      EV:  8    Int:  5    God:    Makhleb [*****.]
Gold:   684        SH:  0    Dex: 16    Spells: 0 memorised, 11 levels left

rFire  . . .     SeeInvis .       - Unarmed
rCold  + . .     Gourm    .     n - +0 plate armour
rNeg   + + +     Faith    .     (no shield)
rPois  ∞         Spirit   .     N - +2 hat
rElec  .         Dismiss  .     f - +2 cloak
rCorr  .         Reflect  .     (no gloves)
SustAt .         Harm     +     O - +1 pair of boots
MR     .....                    l - amulet of harm
Stlth  ..........               y - +3 ring of strength
                                r - +5 ring of dexterity

@: rotting, not resistant to hostile enchantments, extremely unstealthy
A: rotting body, claws 1, carnivore 3, cold resistance 1, negative energy
resistance 3, slow regeneration 1, torment resistance, unbreathing
a: Minor Destruction, Lesser Servant of Makhleb, Major Destruction, Greater
Servant of Makhleb, Renounce Religion


You were on level 2 of the Lair of Beasts.
You worshipped Makhleb.
Makhleb was extremely pleased with you.
You were not hungry.

You visited 4 branches of the dungeon, and saw 15 of its levels.

You collected 684 gold pieces.

Inventory:

Missiles
 S - 5 throwing nets (quivered)
Armour
 f - a +2 cloak (worn)
 n - a +0 plate armour (worn)
 N - a +2 hat (worn)
 O - a +1 pair of boots (worn)
Jewellery
 d - an uncursed ring of fire
 j - an uncursed ring of wizardry
 l - an amulet of harm (around neck)
 r - a +5 ring of dexterity (left claw)
 y - a +3 ring of strength (right claw)
 A - a +3 amulet of reflection {unknown}
 D - an uncursed ring of wizardry
 K - an uncursed ring of magical power
 M - a +2 amulet of reflection {unknown}
 P - an uncursed ring of stealth
Wands
 m - a wand of enslavement (15/24)
 v - a wand of slowing (29/48)
 x - a wand of teleportation (3/9)
 G - a wand of teleportation (6/9)
 Q - a wand of heal wounds (4/9)
 V - a wand of heal wounds (5/9)
 X - a wand of disintegration (7/24)
Scrolls
 c - a scroll of fear
 e - 4 scrolls of teleportation
 g - 4 scrolls of blinking
 o - 5 scrolls of immolation
 w - a scroll of identify
 B - a scroll of remove curse
 F - 3 scrolls of enchant armour
 J - a scroll of magic mapping
 L - 2 scrolls of recharging
Potions
 k - 3 potions of curing
 p - 2 potions of ambrosia
 q - 4 potions of resistance
 t - a potion of haste
 u - 2 potions of invisibility {unknown}
 C - a potion of heal wounds {unknown}
 E - a potion of cancellation {unknown}
 H - a potion of lignification {unknown}
 I - 2 potions of flight {unknown}
 T - 2 potions of berserk rage {unknown}
Books
 h - a Grand Grimoire

   Spells                             Type                      Level
   a - Monstrous Menagerie            Summoning                    7
   b - Summon Greater Demon           Summoning                    7
   c - Malign Gateway                 Summoning/Translocation      7
   d - Summon Horrible Things         Summoning                    8
Miscellaneous
 i - a lamp of fire
Comestibles
 a - 6 chunks of flesh
 b - 4 meat rations
 s - 8 beef jerkies
 z - a slice of pizza


   Skills:
 - Level 12.1 Fighting
 - Level 7.0 Armour
 * Level 3.3 Dodging
 - Level 2.1 Stealth
 + Level 13.2 Unarmed Combat
 - Level 10.1 Invocations


You had 11 spell levels left.
You didn't know any spells.

Dungeon Overview and Level Annotations

Branches:
Dungeon (11/15)            Temple (1/1) D:6            Lair (2/8) D:11
    Orc (1/2) D:9

Altars:
Ashenzari
Cheibriados
Dithmenos
Elyvilon
Fedhas
Gozag
Kikubaaqudgha
Makhleb
Nemelex Xobeh
Okawaru
Pakellas
Qazlal
Ru
Sif Muna
Trog
Vehumet
Xom
Yredelemnul
Zin
The Shining One
Beogh

Shops:
D:4 !   D:8 =


Innate Abilities, Weirdness & Mutations

Your body is rotting away.
You thrive on raw meat.
You are immune to poison.
You have sharp fingernails.
You are carnivorous and can eat meat at any time.
Your flesh is cold resistant.
You are immune to negative energy.
You regenerate slowly when monsters are visible.
You are immune to unholy pain and torment.
You can survive without breathing.


Message History

You scratch the komodo dragon but do no damage.
You mangle the komodo dragon!!
The komodo dragon is heavily wounded.
The komodo dragon bites you!!
You scratch the komodo dragon.
The komodo dragon is heavily wounded.
The komodo dragon bites you!
* * * LOW HITPOINT WARNING * * *
You are too injured to fight recklessly!
You are too injured to fight recklessly!
Press: ? - help, Shift-Dir - straight line, f - komodo dragon
Aim: a komodo dragon (heavily wounded)
The zap misses the komodo dragon.
You feel slightly more hungry. The komodo dragon bites you.
* * * LOW HITPOINT WARNING * * *
Press: ? - help, Shift-Dir - straight line, f/p - komodo dragon
Aim: a komodo dragon (heavily wounded)
The komodo dragon resists with significant effort.
You feel slightly more hungry. The komodo dragon bites you!!
You die...

#...P.#.########## ......#.P#
.... .. ........## #........
#.....#..##########..#P....
.........##...#.#....#.....
......#....................
.........................?.
#.....+....................
.#.PPP#........l@>...#.....
....................†......
......................#.....#..#.
.................<...............
.....#.#P.#.............##.......
.###########.....###..### #......
##### #..#### .## #......
###.########..## ##.# #......
...............# #P.## #......


You could see a komodo dragon.

Vanquished Creatures
  2 hydras
  Sonja (Lair:2)
  2 hill giants (D:11)
  An ice statue (D:7)
  A spiny frog (Lair:2)
  A komodo dragon (Lair:2)
  8 yaks
  3 hippogriffs
  Eustachio (D:5)
  A basilisk (Lair:1)
  4 water moccasins
  5 sky beasts
  5 ice beasts
  7 orc warriors
  2 phantoms
  9 wolves
  An eye of draining (D:10)
  8 ogres
  3 centaurs
  2 crocodiles (Lair:1)
  11 big kobolds
  9 giant frogs
  Blork the orc (D:5)
  A wyvern zombie (D:11)
  2 scorpions
  A wyvern skeleton (D:7)
  5 killer bees (D:10)
  10 wights
  3 howler monkeys
  2 centaur zombies
  4 crimson imps
  7 jellies
  6 hounds
  2 quasits
  6 orc priests
  2 giant frog skeletons (D:4)
  15 orc wizards
  Jessica (D:2)
  2 centaur skeletons
  7 iguanas
  6 worker ants
  2 hound zombies
  A howler monkey zombie (D:8)
  A worker ant zombie (D:11)
  5 gnolls
  27 river rats (Lair:1)
  14 adders
  4 shadow imps
  An adder zombie (D:6)
  3 worms
  2 dart slugs (D:1)
  2 giant geckos
  57 orcs
  3 bats
  4 giant cockroaches
  3 goblins
  12 hobgoblins
  13 jackals
  2 quokkas
  2 ball pythons
  A giant gecko zombie (D:6)
  A giant newt (D:2)
  27 kobolds
  6 rats
363 creatures vanquished.

Vanquished Creatures (collateral kills)
  Gastronok (Lair:2)
  The ghost of Sinerlol the Fighter, a journeyman MiBe of Trog (D:11)
  An orc knight (D:9)
  A tengu conjurer (D:11)
  8 orc warriors
  2 big kobolds (D:8)
  2 giant frogs
  A gnoll sergeant (D:8)
  An orc priest (D:8)
  3 orc wizards
  A worker ant zombie (D:8)
  2 gnolls (D:8)
  An adder skeleton (D:8)
  5 orcs
30 creatures vanquished.

Vanquished Creatures (others)
  2 fungi (Lair:2)
  2 plants (Lair:2)
4 creatures vanquished.

Grand Total: 397 creatures vanquished

Notes
Turn   | Place    | Note
--------------------------------------------------------------
     0 | D:1      | Wooh the Ghoul Monk began the quest for the Orb.
     0 | D:1      | Reached XP level 1. HP: 19/19 MP: 0/0
   183 | D:1      | Reached XP level 2. HP: 26/26 MP: 1/1
   220 | D:1      | Reached skill level 5 in Unarmed Combat
   543 | D:1      | Reached XP level 3. HP: 18/31 MP: 2/2
   695 | D:1      | You fall through a shaft!
   719 | D:2      | Noticed Jessica
   730 | D:2      | Killed Jessica
   730 | D:2      | Reached skill level 6 in Unarmed Combat
   730 | D:2      | Reached XP level 4. HP: 32/38 MP: 3/3
  1318 | D:3      | Reached XP level 5. HP: 36/45 MP: 4/4
  1716 | D:4      | Noticed a phantom
  1735 | D:4      | Killed a phantom
  1735 | D:4      | Reached skill level 1 in Armour
  1735 | D:4      | Reached XP level 6. HP: 49/51 MP: 5/5
  1808 | D:4      | Reached skill level 7 in Unarmed Combat
  1883 | D:4      | Found Wyxkow's Distillery.
  2267 | D:4      | Reached XP level 7. HP: 53/56 MP: 6/6
  2333 | D:5      | Entered Level 5 of the Dungeon
  2845 | D:5      | Reached skill level 5 in Armour
  2845 | D:5      | Reached skill level 8 in Unarmed Combat
  2845 | D:5      | Reached XP level 8. HP: 45/62 MP: 7/7
  2875 | D:5      | Noticed Blork the orc
  2887 | D:5      | Killed Blork the orc
  2909 | D:5      | Noticed Eustachio
  2926 | D:5      | Killed Eustachio
  3697 | D:6      | Found a staircase to the Ecumenical Temple.
  3712 | Temple   | Entered the Ecumenical Temple
  3765 | Temple   | Became a worshipper of Makhleb the Destroyer
  3765 | Temple   | Reached * piety under Makhleb
  3765 | Temple   | Reached ** piety under Makhleb
  3887 | D:6      | Reached skill level 1 in Invocations
  4067 | D:6      | Reached skill level 9 in Unarmed Combat
  4067 | D:6      | Reached XP level 9. HP: 58/70 MP: 9/9
  4647 | D:7      | Reached skill level 5 in Invocations
  4782 | D:7      | Reached *** piety under Makhleb
  5262 | D:7      | Noticed an ice statue
  5264 | D:7      | Reached skill level 5 in Fighting
  5271 | D:7      | Reached skill level 10 in Unarmed Combat
  5467 | D:7      | Killed an ice statue
  5496 | D:7      | Reached XP level 10. HP: 84/84 MP: 12/12
  5736 | D:7      | Found a shattered altar of Ashenzari.
  5739 | D:7      | Found a stormy altar of Qazlal.
  6410 | D:8      | Found a bloodstained altar of Trog.
  6833 | D:8      | Reached **** piety under Makhleb
  6988 | D:8      | Found Paekid's Jewellery Shop.
  7486 | D:9      | Reached ***** piety under Makhleb
  7486 | D:9      | Reached skill level 11 in Unarmed Combat
  8306 | D:9      | Found a roughly hewn altar of Beogh.
  8317 | D:9      | Found a staircase to the Orcish Mines.
  8366 | Orc:1    | Entered Level 1 of the Orcish Mines
  8366 | Orc:1    | Noticed a cyclops
  8366 | Orc:1    | Noticed an orc knight
  8370 | Orc:1    | Noticed an orc sorcerer
  8383 | D:9      | Killed an orc knight
  8894 | D:9      | Reached XP level 11. HP: 94/94 MP: 15/15
  8957 | D:10     | Entered Level 10 of the Dungeon
  9862 | D:11     | Noticed a hill giant
  9885 | D:11     | Killed a hill giant
 10127 | D:11     | Noticed a hill giant
 10136 | D:11     | Killed a hill giant
 10136 | D:11     | Reached skill level 12 in Unarmed Combat
 10161 | D:11     | Noticed Sinerlol's ghost (journeyman MiBe)
 10188 | D:11     | Killed Sinerlol's ghost
 10188 | D:11     | Reached skill level 10 in Invocations
 10458 | D:11     | Found a staircase to the Lair.
 10851 | D:11     | Noticed a seven-headed hydra
 10859 | D:11     | Killed a seven-headed hydra
 10859 | D:11     | Reached skill level 10 in Fighting
 11002 | Lair:1   | Entered Level 1 of the Lair of Beasts
 11229 | Lair:1   | Reached XP level 12. HP: 95/108 MP: 18/18
 11831 | Lair:2   | Noticed Sonja
 11844 | Lair:2   | Noticed a seven-headed hydra
 11941 | Lair:2   | Noticed Gastronok
 11968 | Lair:2   | Killed Gastronok
 11968 | Lair:2   | Reached skill level 13 in Unarmed Combat
 12125 | Lair:2   | Killed Sonja
 12268 | Lair:2   | Reached ****** piety under Makhleb
 12313 | Lair:2   | Noticed a six-headed hydra
 12326 | Lair:2   | Killed a six-headed hydra
 12354 | Lair:2   | Slain by a komodo dragon

Skill      XL: |  1  2  3  4  5  6  7  8  9 10 11 12 |
---------------+-------------------------------------+-----
Unarmed Combat | 5 6 7 8 9 10 11 12 13 | 13.2
Dodging        | 3 |  3.3
Armour         | 1 3 5 7 |  7.0
Invocations    | 2 5 7 10 | 10.1
Fighting       | 6 8 10 12 | 12.1
Stealth        | |  2.1

Action                   |  1- 3 |  4- 6 |  7- 9 | 10-12 || total
-------------------------+-------+-------+-------+-------++-------
Melee: Unarmed           |    67 |   153 |   348 |   661 ||  1229
       Punch             |       |     3 |     7 |    25 ||    35
Throw: Stone             |     5 |    12 |     3 |       ||    20
       Tomahawk          |       |       |    12 |       ||    12
Invok: Minor Destruction |       |       |    48 |   124 ||   172
       Lesser Servant of |       |       |       |    18 ||    18
       Major Destruction |       |       |       |     2 ||     2
Evoke: Wand              |       |       |       |     1 ||     1
  Use: Scroll            |       |     5 |     1 |    12 ||    18
       Potion            |       |       |     2 |     1 ||     3
 Stab: Sleeping          |     1 |     1 |       |       ||     2
       Distracted        |       |       |       |     3 ||     3
  Eat: Chunk             |     2 |     4 |    17 |    31 ||    54
Armor: Ring mail         |    20 |    46 |       |       ||    66
       Plate armour      |       |       |   217 |   474 ||   691
Dodge: Dodged            |    35 |    73 |    99 |   281 ||   488
